[Event "ICCopen2017"]
[Site "Internet Chess Club"]
[Date "2017.03.26"]
[Round "6"]
[White "BUHO64"]
[Black "manneredmonkey"]
[Result "1-0"]
[ICCResult "Black forfeits on time"]
[WhiteElo "2024"]
[BlackElo "1840"]
[Opening "Pirc defense"]
[ECO "B07"]
[NIC "PU.07"]
[Time "20:07:09"]
[TimeControl "180+0"]

1. e4 d6 2. d4 Nf6 3. Nc3 g6 4. Be3 a6 5. Qd2 b5 6. f3 Bb7 7. a3 Nbd7 8.
Nge2 Nb6 9. Ng3 h5 10. h4 Bg7 11. Bd3 e5 12. dxe5 dxe5 13. O-O-O O-O 14. Bh6
Nc4 15. Bxc4 Qxd2+ 16. Bxd2 bxc4 17. Bg5 Rfe8 18. Nf1 c6 19. Ne3 Nh7 20.
Nxc4 Nxg5 21. hxg5 a5 22. Nd6 Re7 23. Nxb7 Rxb7 24. Na4 Bf8 25. Rd3 Be7 26.
Rhd1 Bxg5+ 27. Kb1 Be7 28. Ka2 Rab8 29. Rd7 Kg7 30. b3 Kf6 31. Rxb7 Rxb7 32.
c4 Ke6 33. g3 f6 34. f4 Rb8 35. Kb2 Bd6 36. c5 Bc7 37. f5+ gxf5 38. exf5+
Kxf5 39. Rd7 Bd8 40. Kc3 Kg4 41. Rg7+ Kf3 42. Nb2 e4 43. Nc4 e3 44. Rg8 f5
45. Rf8 Ke4 46. Re8+ Kf3 47. Rxe3+ Kg4 48. Ne5+ Kh3 49. g4+ Kg2 50. gxf5 Bf6
51. Kc4 h4 52. Nxc6 Rc8 53. Re6 Bb2 54. Rg6+ Kf3 55. b4 h3 56. b5 Bxa3 57.
Rh6 Kg3 58. b6 h2 59. b7 Rxc6 60. Rxh2 Rxc5+ 61. Kd4 Rb5 62. Rh7 Bb2+ 63.
Kc4 Rb4+ 64. Kc5 Bd4+ 65. Kc6 Be5 66. f6 Bxf6 67. Rh6 Be5 68. Rg6+ Kf4 69.
Re6 Ke4 70. Re7 Kf4 71. Kc5 Kf5 72. Kc6 {Black forfeits on time} 1-0

[Event "ICCopen2017"]
[Site "Internet Chess Club"]
[Date "2017.03.26"]
[Round "6"]
[White "GrandPatzer5"]
[Black "Monterrey"]
[Result "1-0"]
[ICCResult "Black forfeits on time"]
[WhiteElo "1935"]
[BlackElo "1651"]
[Opening "French: King's Indian attack"]
[ECO "C00"]
[NIC "FR.02"]
[Time "20:07:02"]
[TimeControl "180+0"]

1. e4 e6 2. d3 d5 3. Nd2 Nf6 4. Ngf3 b6 5. g3 dxe4 6. dxe4 Nc6 7. Bg2 Ba6 8.
c4 Qd3 9. Qe2 Nb4 10. Qxd3 Nxd3+ 11. Ke2 Rd8 12. Rd1 Ng4 13. h3 Ngxf2 14.
Rf1 Nxc1+ 15. Raxc1 Nd3 16. Rc3 Nxb2 17. Ng5 Bb4 18. Rc2 Bxd2 19. Rxd2 Bxc4+
20. Ke1 Rxd2 21. Kxd2 Bxf1 22. Bxf1 Na4 23. Bb5+ Ke7 24. Bxa4 h6 25. Nf3
Rd8+ 26. Ke3 c5 27. Bb3 f6 28. Nd2 g5 29. a4 a6 30. Nc4 b5 31. axb5 axb5 32.
Na5 c4 33. Nc6+ Kd7 34. Nxd8 cxb3 35. Kd3 b2 36. Kc2 Kxd8 37. Kxb2 Kc7 38.
Kb3 Kc6 39. Kb4 f5 40. h4 f4 41. hxg5 hxg5 42. gxf4 gxf4 43. Kc3 e5 44. Kd2
Kc5 45. Ke2 Kd4 46. Kf3 b4 47. Kg4 b3 48. Kf5 b2 49. Ke6 b1=Q 50. Kf5 Qg1
51. Ke6 Qg5 52. Kd6 {Black forfeits on time} 1-0

[Event "ICCopen2017"]
[Site "Internet Chess Club"]
[Date "2017.03.26"]
[Round "6"]
[White "Wage-slave"]
[Black "blackending"]
[Result "0-1"]
[ICCResult "White resigns"]
[WhiteElo "1737"]
[BlackElo "1570"]
[Opening "King's Indian: fianchetto without c4"]
[ECO "A49"]
[NIC "QP.06"]
[Time "20:06:46"]
[TimeControl "180+0"]

1. Nf3 Nf6 2. d4 g6 3. g3 Bg7 4. Bg2 O-O 5. Nbd2 d6 6. e3 Nbd7 7. c4 Re8 8.
b3 e5 9. O-O c6 10. Bb2 e4 11. Ne1 d5 12. Qc2 a6 13. a4 Nf8 14. h3 Be6 15.
Rd1 Rc8 16. Nb1 Qc7 17. Na3 N6d7 18. Rc1 Qb8 19. Qe2 f5 20. Nac2 Nf6 21. Rd1
Kh8 22. Bc1 h6 23. Bh1 Kh7 24. Ng2 g5 25. Nge1 Ng6 26. Bg2 f4 27. exf4 gxf4
28. gxf4 Nxf4 29. Bxf4 Qxf4 30. c5 Qg5 31. Kh1 Nh5 32. Qe3 Nf4 33. Rg1 Qf6
34. Qd2 Nxg2 35. Kxg2 Rf8 36. Ne3 Qg5+ 37. Kh2 Qf4+ 38. Kg2 Qh4 39. Rh1 Rf4
40. Ng4 Bxg4 41. hxg4 Qxg4+ 42. Kf1 Rcf8 43. Rh2 e3 44. Qe2 Rxf2+ 45. Rxf2
Rxf2+ 46. Qxf2 exf2 47. Rd2 fxe1=Q+ 48. Kxe1 Qg3+ 49. Kd1 Qc3 50. Ke2 Bxd4
51. b4 Qxb4 52. a5 Qxc5 53. Kf3 Qxa5 54. Ke2 Qxd2+ 55. Kxd2 c5 56. Kd3 h5
57. Ke2 h4 58. Kf3 h3 59. Kg3 a5 60. Kh2 a4 61. Kxh3 a3 62. Kg4 a2
{White resigns}
0-1

[Event "ICCopen2017"]
[Site "Internet Chess Club"]
[Date "2017.03.26"]
[Round "6"]
[White "sasukenakamura"]
[Black "arshavin2015"]
[Result "0-1"]
[ICCResult "White forfeits on time"]
[WhiteElo "1611"]
[BlackElo "1976"]
[Opening "Robatsch defense"]
[ECO "B06"]
[NIC "KF.05"]
[Time "20:07:03"]
[TimeControl "180+0"]

1. e4 g6 2. d4 Bg7 3. Nc3 c5 4. dxc5 Bxc3+ 5. bxc3 Qa5 6. Bd2 Qxc5 7. Nf3
Nf6 8. Bd3 d6 9. O-O Nbd7 10. Rb1 b6 11. Rb5 Qc7 12. Qe2 e5 13. c4 Bb7 14.
a4 Bc6 15. Rb4 Nc5 16. Ng5 h6 17. Qf3 Qe7 18. Be3 hxg5 19. Bxg5 Ncd7 20. a5
Rh5 21. h4 Rxg5 22. hxg5 Nh5 23. axb6 axb6 24. Qg4 Qe6 25. Qh4 Ke7 26. g3
Nc5 27. Rxb6 Bd7 28. f4 Qh3 29. f5 Qxg3+ 30. Qxg3 Nxg3 31. Rf3 Ngxe4 32.
fxg6 fxg6 33. Bxe4 Nxe4 34. Rb7 Nxg5 35. Rg3 Ne6 36. Rxg6 Rf8 37. Rh6 Rf7
38. Ra7 Rg7+ 39. Kf2 Rf7+ 40. Ke1 Nc5 41. c3 Rf6 42. Rh7+ Ke6 43. Rh6 Rxh6
44. Rc7 Rh4 45. Kd2 Rxc4 46. Kc2 e4 47. Ra7 e3 48. Ra1 Re4 49. Re1 d5 50. c4
Ba4+ 51. Kc3 dxc4 52. Re2 Kd5 53. Ra2 Bb3 54. Rh2 e2 55. Rh5+ Re5 56. Rh1
Na4+ 57. Kb4 e1=Q+ {White forfeits on time} 0-1

[Event "ICCopen2017"]
[Site "Internet Chess Club"]
[Date "2017.03.26"]
[Round "6"]
[White "littleplotkin"]
[Black "zandoli"]
[Result "0-1"]
[ICCResult "White checkmated"]
[WhiteElo "2225"]
[BlackElo "1934"]
[Opening "Queen's pawn game"]
[ECO "A45"]
[NIC "QP.07"]
[Time "20:07:08"]
[TimeControl "180+0"]

1. d4 Nf6 2. b3 e6 3. Bb2 d5 4. Nf3 Be7 5. e3 O-O 6. Nbd2 Nbd7 7. Bd3 b6 8.
Qe2 Bb7 9. Ne5 c5 10. f4 h6 11. g4 Nxe5 12. dxe5 Ne4 13. O-O-O Nxd2 14. Rxd2
Qc7 15. Rg1 Rfd8 16. g5 hxg5 17. Qh5 g6 18. Bxg6 fxg6 19. Qxg6+ Kf8 20. Qxe6
Qc6 21. Qf5+ Ke8 22. e6 Rd6 23. fxg5 Rxe6 24. g6 Kd7 25. g7 Rg8 26. Qf7 Qc8
27. Rg6 Rxg6 28. Qxg6 Qe8 29. Qf5+ Kd8 30. c4 Qd7 31. Qf7 Qe8 32. Qf3 Qg6
33. cxd5 Rxg7 34. Bxg7 Qxg7 35. Kd1 Ba6 36. Rc2 Qg1+ 37. Kd2 Qxh2+ 38. Kc1
Qg1+ 39. Kb2 Qg7+ 40. Kc1 Bf6 41. d6 Qg1+ 42. Kd2 Qh2+ 43. Kc1 Qg1+ 44. Kd2
Qh2+ 45. Kc1 Qe5 46. Qa8+ Bc8 47. Qf3 Qa1+ 48. Kd2 Qe5 49. Qf4 Qxf4 50. exf4
Bd7 51. Ke3 Bf5 52. Rh2 Kd7 53. Rh6 Bd4+ 54. Kd2 a5 55. Rh5 Bb1 56. Rh4 Kxd6
57. Rh7 Kd5 58. Rh6 Ke4 59. Rxb6 Be3+ 60. Kc3 Bxa2 61. Kb2 Bxb3 62. Rxb3
Bd4+ 63. Ka3 Kxf4 64. Rb7 Ke4 65. Ka4 Kd3 66. Kxa5 c4 67. Ka4 c3 68. Rb1 c2
69. Rc1 Bc3 70. Rh1 Bd2 71. Kb3 c1=Q 72. Rh2 Qb1+ 73. Ka4 Qb4#
{White checkmated}
0-1

[Event "ICCopen2017"]
[Site "Internet Chess Club"]
[Date "2017.03.26"]
[Round "6"]
[White "Unico"]
[Black "Tal-Baron"]
[Result "1-0"]
[ICCResult "Black forfeits on time"]
[WhiteElo "2466"]
[BlackElo "2726"]
[Opening "King's Indian: 3.g3"]
[ECO "E60"]
[NIC "KI.80"]
[Time "20:06:55"]
[TimeControl "180+0"]

1. d4 Nf6 2. c4 g6 3. g3 c5 4. d5 b5 5. cxb5 a6 6. bxa6 d6 7. Nc3 Bg7 8. Bg2
O-O 9. Nf3 Nbd7 10. O-O Nb6 11. Rb1 Bf5 12. Ra1 Ne4 13. Bd2 Rxa6 14. Nh4
Nxd2 15. Qxd2 Bc8 16. Nf3 Nc4 17. Qc2 Qa5 18. Rfc1 Rb6 19. Rab1 Ba6 20. Nd2
Nxd2 21. Qxd2 Rfb8 22. Be4 h5 23. h4 Kh7 24. Kg2 Bh6 25. e3 Bg7 26. Kh2 Kg8
27. Kg2 Bf6 28. Qc2 Bxc3 29. Qxc3 Qxc3 30. bxc3 Bc4 31. Rxb6 Rxb6 32. a4 Rb3
33. Ra1 Rxc3 34. a5 Ba6 35. Kg1 Kf8 36. Bg2 Ke8 37. Bf1 c4 38. Kg2 Kd7 39.
Kf3 Kc7 40. Ke4 Rc2 41. f4 Rd2 42. Bxc4 Bxc4 43. Rc1 Ra2 44. Rxc4+ Kd7 45.
Rb4 f5+ 46. Kf3 Rxa5 47. Rb8 Rxd5 48. Rg8 e5 49. fxe5 dxe5 50. Rxg6 Ke7 51.
Rh6 f4 52. Ke4 Ra5 53. Rh7+ Kf6 54. Rh6+ Kg7 55. Rxh5 Ra4+ 56. Kxe5
{Black forfeits on time}
1-0

[Event "ICCopen2017"]
[Site "Internet Chess Club"]
[Date "2017.03.26"]
[Round "6"]
[White "Sebs"]
[Black "Wilsonpalencia"]
[Result "1-0"]
[ICCResult "Black forfeits on time"]
[WhiteElo "2969"]
[BlackElo "2514"]
[Opening "Dutch defense"]
[ECO "A84"]
[NIC "HD.10"]
[Time "20:06:53"]
[TimeControl "180+0"]

1. d4 f5 2. c4 g6 3. Nc3 Nf6 4. e3 Bg7 5. Bd3 O-O 6. Nge2 d6 7. O-O e5 8. d5
Na6 9. a3 Nc5 10. Bc2 a5 11. Rb1 c6 12. b4 axb4 13. axb4 Na6 14. dxc6 bxc6
15. b5 Nc5 16. bxc6 Be6 17. Nd5 Ra6 18. c7 Qd7 19. Nec3 Bxd5 20. Nxd5 Nxd5
21. Qxd5+ Kh8 22. e4 fxe4 23. Bxe4 Qxc7 24. Bf3 Qf7 25. Be3 Qxd5 26. Bxd5
Ra5 27. h3 Rc8 28. Rb6 Rd8 29. Rd1 Na4 30. Rc6 Nc3 31. Rd3 Nxd5 32. Rxd5
Rxd5 33. cxd5 Kg8 34. Bb6 Rd7 35. f3 Kf7 36. Bc7 Bf8 37. Kf2 Be7 38. Ke3 Bf8
39. Kd3 Be7 40. Kc4 Kf6 41. Kb5 Kf5 42. Ka6 Bd8 43. Bxd6 e4 44. Kb5 e3 45.
Kc4 e2 46. Bb4 Re7 47. Be1 Kf4 48. d6 Re6 49. Kd5 Kf5 50. g4+ Kf6 51. d7
Rxc6 52. Kxc6 Ke6 53. Bf2 h5 54. Be1 hxg4 55. hxg4 Ke7 56. Bh4+ Ke6 57. Be1
Ke7 58. Bd2 Ke6 59. f4 {Black forfeits on time} 1-0

[Event "ICCopen2017"]
[Site "Internet Chess Club"]
[Date "2017.03.26"]
[Round "6"]
[White "Kjaan1974"]
[Black "MikeWzd"]
[Result "1-0"]
[ICCResult "Black checkmated"]
[WhiteElo "1488"]
[BlackElo "1729"]
[Opening "Robatsch (modern) defense"]
[ECO "B06"]
[NIC "KF.05"]
[Time "20:07:33"]
[TimeControl "180+0"]

1. e4 g6 2. d4 Bg7 3. e5 d6 4. f4 c5 5. c3 Bf5 6. Na3 e6 7. Be3 cxd4 8. cxd4
d5 9. Bd3 Ne7 10. Nf3 O-O 11. O-O Nbc6 12. h3 Rc8 13. Nb5 Qb6 14. Nd6 Bxd3
15. Qxd3 Rc7 16. b3 Nb4 17. Qe2 Rc2 18. Qd1 Rxa2 19. Rxa2 Nxa2 20. Qc2 Nb4
21. Qd2 Nf5 22. Nxf5 exf5 23. Rc1 Nc6 24. Rc5 Rd8 25. Qc1 Bf8 26. Rc3 h6 27.
Ne1 Na5 28. Nd3 Nxb3 29. Qc2 Nxd4 30. Bxd4 Qxd4+ 31. Kh2 g5 32. Rc8 Rxc8 33.
Qxc8 Qxd3 34. Qxf5 gxf4 35. Qxd3 f3 36. Qxf3 Bg7 37. Qxd5 b6 38. g4 a5 39.
Qd8+ Kh7 40. Qxb6 Bxe5+ 41. Kg2 Bc3 42. Qc5 Bb4 43. Qf5+ Kg7 44. h4 Kg8 45.
Qf6 h5 46. g5 Kf8 47. Qh8+ Ke7 48. Qxh5 Bd6 49. Qe2+ Kd7 50. Qb5+ Ke6 51.
Qxa5 Be7 52. Kh3 Bd6 53. Qb6 Kd7 54. Kg4 Ke7 55. Kf5 Kd7 56. Qb7+ Kd8 57.
Qxf7 Be7 58. g6 Bxh4 59. g7 Be7 60. g8=Q+ Kd7 61. Qge8+ Kd6 62. Qfxe7+ Kd5
63. Q8d8+ Kc6 64. Qec7+ Kb5 65. Qdb8+ Ka6 66. Qca7# {Black checkmated} 1-0

[Event "ICCopen2017"]
[Site "Internet Chess Club"]
[Date "2017.03.26"]
[Round "6"]
[White "aplusk"]
[Black "DreadHead"]
[Result "1-0"]
[ICCResult "Black resigns"]
[WhiteElo "2749"]
[BlackElo "2430"]
[Opening "Nimzovich-Larsen attack: classical variation"]
[ECO "A01"]
[NIC "VO.08"]
[Time "20:06:52"]
[TimeControl "180+0"]

1. b3 d5 2. Bb2 Bg4 3. g3 Nf6 4. Bg2 e6 5. Nf3 Be7 6. c4 O-O 7. O-O c5 8.
cxd5 Nxd5 9. Nc3 Nc6 10. Nxd5 exd5 11. Rc1 d4 12. e3 Qd7 13. e4 a5 14. d3 a4
15. bxa4 b6 16. a3 Ra6 17. Qb3 Rfa8 18. Rfe1 Be6 19. Qc2 Rxa4 20. h4 h6 21.
Nd2 b5 22. f4 f6 23. e5 f5 24. Nb3 c4 25. Bxc6 Qxc6 26. Nxd4 Qd5 27. Nxe6
Qxe6 28. dxc4 Rxc4 29. Qd3 Bc5+ 30. Kg2 Qc6+ 31. Qf3 Qxf3+ 32. Kxf3 Bxa3 33.
Rxc4 Bxb2 34. Rc2 Ba3 35. Rb1 b4 36. Rb3 Kf7 37. h5 Ke6 38. Ra2 Rc8 39.
Raxa3 bxa3 40. Rxa3 Rc7 41. g4 fxg4+ 42. Kxg4 Rc4 43. Ra7 Rc1 44. Ra6+ Kf7
45. Kf5 Rh1 46. Ra7+ Kg8 47. Kg6 Rg1+ 48. Kf5 Rh1 49. e6 Re1 50. Ra8+ Kh7
51. Re8 Re2 52. Kg4 Re1 53. f5 Re4+ 54. Kf3 Re1 55. Rf8 Re5 56. Kf4 Re2 57.
Rf7 Kg8 58. Kf3 Re1 59. Rb7 Re5 60. Kf4 Re1 61. f6 Kh7 62. f7 {Black
resigns} 1-0

[Event "ICCopen2017"]
[Site "Internet Chess Club"]
[Date "2017.03.26"]
[Round "6"]
[White "bean5671"]
[Black "kamalchandran"]
[Result "0-1"]
[ICCResult "White resigns"]
[WhiteElo "1307"]
[BlackElo "1794"]
[Opening "Benko's opening"]
[ECO "A00"]
[NIC "VO.09"]
[Time "20:09:10"]
[TimeControl "180+0"]

1. g3 g6 2. Bg2 Bg7 3. Nc3 Nf6 4. d4 d6 5. e4 O-O 6. Be3 Nbd7 7. Qd2 e5 8.
Bh6 Qe7 9. Bxg7 Kxg7 10. O-O-O exd4 11. Qxd4 Nb6 12. f4 Be6 13. e5 dxe5 14.
fxe5 Nfd7 15. Nf3 c5 16. Qf4 Nc4 17. Ng5 Ndb6 18. h4 h6 19. Nge4 Nd5 20. Qf2
Nb4 21. a3 Nc6 22. h5 N4xe5 23. hxg6 fxg6 24. Qe3 Ng4 25. Qe2 Bf5 26. Rhf1
Nd4 27. Qc4 Bxe4 28. Rxf8 Rxf8 29. Bxe4 Ne3 30. Re1 Nxc4 31. Nd5 Qg5+ 32.
Kb1 Nd2+ 33. Ka2 Nxe4 34. Rxe4 Qxd5+ 35. b3 Qxe4 {White resigns} 0-1

[Event "ICCopen2017"]
[Site "Internet Chess Club"]
[Date "2017.03.26"]
[Round "6"]
[White "Marceau"]
[Black "BirchRun"]
[Result "0-1"]
[ICCResult "White forfeits on time"]
[WhiteElo "1831"]
[BlackElo "1628"]
[Opening "QGD: Charousek (Petrosian) variation"]
[ECO "D31"]
[NIC "QP.08"]
[Time "20:07:21"]
[TimeControl "180+0"]

1. d4 d5 2. c4 e6 3. Nc3 Be7 4. cxd5 exd5 5. Nf3 c6 6. Bf4 Nf6 7. e3 O-O 8.
Qc2 Bg4 9. Ne5 Be6 10. Bd3 Nbd7 11. Nxd7 Qxd7 12. Bg5 h6 13. Bh4 Nh5 14. Bg3
Bd6 15. Bxd6 Qxd6 16. O-O-O b5 17. e4 b4 18. e5 Qe7 19. Ne2 a5 20. Kb1 a4
21. Ng3 b3 22. Qd2 bxa2+ 23. Kxa2 a3 24. b3 Qh4 25. Nxh5 Qxh5 26. f3 Rfb8
27. g4 Qh4 28. Rb1 c5 29. dxc5 d4 30. Bc4 Qe7 31. Qxd4 Rd8 32. Qc3 Qxc5 33.
Rhc1 Bxc4 34. Qxc4 Rd2+ 35. Ka1 Qf2 36. b4 a2 37. Rb3 Rad8 38. Qc5 Qxh2 39.
Rbc3 Rb2 40. Qc7 Rf8 41. e6 Rb1+ 42. Rxb1 axb1=Q+ 43. Kxb1 Qg1+ 44. Kb2 Qf2+
45. Rc2 Qxf3 46. exf7+ Qxf7 {White forfeits on time} 0-1

[Event "ICCopen2017"]
[Site "Internet Chess Club"]
[Date "2017.03.26"]
[Round "6"]
[White "MoonlightWizard"]
[Black "chabotheking"]
[Result "1-0"]
[ICCResult "Black checkmated"]
[WhiteElo "2818"]
[BlackElo "2537"]
[Opening "French: Burn variation"]
[ECO "C11"]
[NIC "FR.05"]
[Time "20:07:43"]
[TimeControl "180+0"]

1. e4 e6 2. d4 d5 3. Nc3 Nf6 4. Bg5 dxe4 5. Nxe4 Be7 6. Bxf6 gxf6 7. Nf3 f5
8. Nc3 a6 9. Qd2 b5 10. O-O-O Qd6 11. Qe3 b4 12. Ne2 Bb7 13. Nf4 Nd7 14. Kb1
O-O-O 15. Be2 Kb8 16. Rhg1 Rhg8 17. g3 Nb6 18. Ne5 Rgf8 19. Bf3 Bf6 20. Bxb7
Kxb7 21. Qf3+ c6 22. Nfd3 Bxe5 23. dxe5 Qd5 24. Qe3 Qb5 25. Qh6 c5 26. Qxh7
c4 27. Nf4 Rxd1+ 28. Rxd1 c3 29. Nxe6 Qe2 30. Rh1 Qf3 31. Rc1 cxb2 32. Nxf8
bxc1=Q+ 33. Kxc1 Nc4 34. Qxf7+ Ka8 35. Qxc4 Qxf2 36. Qxa6+ Kb8 37. Nd7+ Kc7
38. Qd6+ Kc8 39. Qxb4 Kxd7 40. Qd2+ Qxd2+ 41. Kxd2 Ke6 42. a4 Kxe5 43. a5
Kd6 44. a6 Kc7 45. h4 Kb6 46. h5 Kxa6 47. h6 Kb5 48. h7 Kc4 49. h8=Q Kd5 50.
Qh4 Ke5 51. Qf4+ Kf6 52. Ke3 Kg6 53. Kd4 Kf6 54. Kd5 Kg6 55. Ke6 Kh5 56.
Qxf5+ Kh6 57. Qg4 Kh7 58. Kf7 Kh6 59. Qh4# {Black checkmated} 1-0

[Event "ICCopen2017"]
[Site "Internet Chess Club"]
[Date "2017.03.26"]
[Round "6"]
[White "patterncircular"]
[Black "Heinichess"]
[Result "0-1"]
[ICCResult "White forfeits on time"]
[WhiteElo "2037"]
[BlackElo "1863"]
[Opening "Réti opening"]
[ECO "A04"]
[NIC "QP.11"]
[Time "20:07:29"]
[TimeControl "180+0"]

1. Nf3 d6 2. d3 Bg4 3. c3 Nf6 4. Bg5 Nbd7 5. Nbd2 e6 6. e4 Be7 7. Be2 d5 8.
h3 Bxf3 9. Bxf3 c6 10. d4 h6 11. Bxf6 Nxf6 12. e5 Nd7 13. b4 a5 14. a3 b6
15. O-O O-O 16. Qc2 c5 17. bxc5 bxc5 18. a4 Qc7 19. Qa2 c4 20. Rfb1 Rfb8 21.
Rb5 Rxb5 22. axb5 Nb6 23. Qb1 a4 24. Bd1 a3 25. Ra2 Qa7 26. f4 Na4 27. Bxa4
Qxa4 28. b6 Rb8 29. f5 Qa6 30. fxe6 fxe6 31. Qg6 Qxb6 32. Nf3 Qb1+ 33. Qxb1
Rxb1+ 34. Kh2 Rb2 35. Ra1 a2 36. Kg3 Ba3 37. h4 Rc2 38. h5 Be7 39. Kf4 Rxg2
40. Ne1 Re2 41. Nf3 Rf2 42. Ke3 Rc2 43. Kf4 Rxc3 44. Rxa2 Rd3 45. Ra8+ Kh7
46. Re8 Bg5+ 47. Nxg5+ hxg5+ 48. Kxg5 Rxd4 49. Rxe6 c3 50. Rc6 Rc4 51. Kf5
Rxc6 {White forfeits on time} 0-1

[Event "ICCopen2017"]
[Site "Internet Chess Club"]
[Date "2017.03.26"]
[Round "6"]
[White "hipopotamos"]
[Black "aravind6904"]
[Result "0-1"]
[ICCResult "White checkmated"]
[WhiteElo "1162"]
[BlackElo "1489"]
[Opening "Sicilian defense"]
[ECO "B30"]
[NIC "SI.31"]
[Time "20:07:34"]
[TimeControl "180+0"]

1. e4 c5 2. Nf3 Nc6 3. Nc3 e6 4. Bb5 d5 5. e5 Ne7 6. O-O a6 7. Be2 Ng6 8. d3
Ngxe5 9. Nxe5 Nxe5 10. Re1 Nc6 11. Bf4 Be7 12. Bh5 O-O 13. Qg4 e5 14. Qg3
exf4 15. Qxf4 Bf6 16. Re3 Be6 17. Rg3 Be5 18. Qe3 Bxg3 19. Qxg3 Qf6 20. Re1
Rfe8 21. Re3 Qd8 22. Rf3 Rf8 23. Bg4 Bxg4 24. Qxg4 d4 25. Rg3 g6 26. Ne4 f5
27. Qh3 fxe4 28. Qh6 Rf6 29. Rh3 Qe7 30. dxe4 Raf8 31. f3 Qg7 32. Qh4 Rf4
33. Qg5 R4f6 34. c3 dxc3 35. bxc3 Rd6 36. e5 Qxe5 37. Kf2 Qxg5 38. Rg3 Rd2+
39. Kg1 Qe3+ 40. Kh1 Qe1# {White checkmated} 0-1

[Event "ICCopen2017"]
[Site "Internet Chess Club"]
[Date "2017.03.26"]
[Round "6"]
[White "chalimo77"]
[Black "EddieBarber"]
[Result "1-0"]
[ICCResult "Black forfeits on time"]
[WhiteElo "1625"]
[BlackElo "1846"]
[Opening "Benoni: classical, 8.Bg5"]
[ECO "A71"]
[NIC "BI.13"]
[Time "20:07:32"]
[TimeControl "180+0"]

1. d4 Nf6 2. Nf3 c5 3. d5 e6 4. c4 exd5 5. cxd5 d6 6. Nc3 g6 7. Bg5 Bg7 8.
e4 O-O 9. Be2 a6 10. a4 Bg4 11. O-O Nbd7 12. h3 Bxf3 13. Bxf3 h6 14. Bh4 Ne5
15. Be2 g5 16. Bg3 Ng6 17. f4 gxf4 18. Bxf4 Nxf4 19. Rxf4 Nd7 20. Qc2 Be5
21. Rg4+ Kh8 22. Qd2 Kh7 23. Rf1 Qe7 24. Rf5 Nf6 25. Rh4 Ng8 26. Rfh5 Qf6
27. Bg4 Bd4+ 28. Kh2 Be5+ 29. g3 Kg7 30. Bf5 Bxc3 31. bxc3 Rae8 32. Rg4+ Kh8
33. Rxg8+ Kxg8 34. Rxh6 {Black forfeits on time} 1-0

[Event "ICCopen2017"]
[Site "Internet Chess Club"]
[Date "2017.03.26"]
[Round "6"]
[White "CapitanCentella"]
[Black "giovana64"]
[Result "0-1"]
[ICCResult "White forfeits on time"]
[WhiteElo "1801"]
[BlackElo "1599"]
[Opening "Benoni: 6.e4"]
[ECO "A65"]
[NIC "BI.38"]
[Time "20:07:13"]
[TimeControl "180+0"]

1. d4 c5 2. d5 Nf6 3. c4 e6 4. Nc3 exd5 5. cxd5 d6 6. e4 g6 7. f3 Bg7 8. Be3
O-O 9. Qd2 a6 10. a4 Re8 11. Nge2 h5 12. Bh6 Nbd7 13. Bxg7 Kxg7 14. Qg5 Ne5
15. Nf4 Qb6 16. O-O-O Qc7 17. Be2 b5 18. axb5 axb5 19. Bxb5 Bd7 20. Bxd7
Qxd7 21. Rhf1 Qb7 22. g4 Qb3 23. gxh5 Ra1+ 24. Nb1 Qc4+ 25. Kd2 Qd4+ 26. Ke2
Qxb2+ 27. Rd2 Qb5+ 28. Kf2 Rh8 29. Rg1 Rxb1 30. Rxb1 Qxb1 31. h3 Nxh5 32.
Ne6+ fxe6 33. Qe7+ Nf7 34. dxe6 Rf8 35. exf7 Rxf7 36. Qxd6 Qa1 37. Qxc5 Qf6
38. Qd4 Qxd4+ 39. Rxd4 Nf4 40. Ke3 Nxh3 41. Rd6 Ng5 42. Ra6 Rxf3+ 43. Kd4
Rf7 44. e5 Nf3+ 45. Ke4 Nd2+ 46. Kd5 Nf3 47. e6 Re7 48. Kd6 Kf6
{White forfeits on time}
0-1

[Event "ICCopen2017"]
[Site "Internet Chess Club"]
[Date "2017.03.26"]
[Round "6"]
[White "Alright2015"]
[Black "GnowReopard"]
[Result "1/2-1/2"]
[ICCResult "Game drawn because neither player has mating material"]
[WhiteElo "2261"]
[BlackElo "2604"]
[Opening "King's Indian: East Indian defense"]
[ECO "A48"]
[NIC "QP.06"]
[Time "20:07:25"]
[TimeControl "180+0"]

1. Nf3 Nf6 2. d4 g6 3. Nc3 d5 4. Bf4 Bg7 5. e3 O-O 6. Be2 c6 7. Ne5 Nbd7 8.
h4 h5 9. f3 Nxe5 10. Bxe5 Bf5 11. Qd2 b5 12. Bxf6 exf6 13. g4 hxg4 14. fxg4
Bd7 15. h5 Re8 16. hxg6 fxg6 17. Qd3 Kf7 18. O-O-O Qe7 19. Rh3 a5 20. Rf1 a4
21. Bd1 b4 22. Ne2 Bxg4 23. Rg3 Qe4 24. Qd2 Bh6 25. Nf4 Bxd1 26. Qxd1 b3 27.
cxb3 axb3 28. Qxb3 Reb8 29. Qd3 Qxd3 30. Nxd3 Rxa2 31. Kc2 Kg7 32. Rfg1 Bg5
33. Rh1 Rh8 34. Rxh8 Kxh8 35. Nc5 Ra8 36. Ne6 Re8 37. Nxg5 fxg5 38. Rxg5 Kg7
39. Kd3 Kf6 40. Rg1 g5 41. b4 Kf5 42. Rc1 Re6 43. Rc5 Rd6 44. e4+ Kf4 45. e5
Rg6 46. b5 cxb5 47. Rxd5 g4 48. Rd6 Rg8 49. Rf6+ Kg5 50. Rf1 g3 51. Ke4 g2
52. Rg1 Kh4 53. e6 b4 54. d5 b3 55. e7 Kg3 56. d6 Re8 57. Kd5 Kf2 58. Rxg2+
Kxg2 59. d7 Rxe7 60. d8=Q Rg7 61. Qb6 Rg3 62. Ke4 Kh2 63. Kd4 Rg4+ 64. Kc3
Rg3+ 65. Kc4 Kh3 66. Qxb3 Rxb3 67. Kxb3
{Game drawn because neither player has mating material}
1/2-1/2

[Event "ICCopen2017"]
[Site "Internet Chess Club"]
[Date "2017.03.26"]
[Round "6"]
[White "ElMarginal"]
[Black "oli2"]
[Result "0-1"]
[ICCResult "White forfeits on time"]
[WhiteElo "1420"]
[BlackElo "1677"]
[Opening "Queen's pawn game"]
[ECO "D00"]
[NIC "QP.07"]
[Time "20:07:20"]
[TimeControl "180+0"]

1. d4 Nf6 2. Nc3 d5 3. Nf3 g6 4. Bf4 Bg7 5. e3 Nbd7 6. Nb5 e5 7. Nxe5 Nh5 8.
Nxd7 Nxf4 9. exf4 Bxd7 10. Nc3 c6 11. Bd3 Qe7+ 12. Qe2 Qxe2+ 13. Nxe2 O-O
14. O-O Rfe8 15. c3 Bf5 16. Bxf5 Rxe2 17. Bd3 Rxb2 18. Rfb1 Rxb1+ 19. Rxb1
b6 20. g3 Rc8 21. Ba6 Re8 22. Kf1 c5 23. Re1 Rxe1+ 24. Kxe1 cxd4 25. c4 dxc4
26. Bxc4 Kf8 27. Kd2 Ke7 28. Kd3 f6 29. a4 f5 30. f3 h6 31. g4 fxg4 32. fxg4
Kd6 33. Ke4 Kc5 34. Bd3 Kb4 35. Bb5 Kc5 36. h4 Bf6 37. g5 hxg5 38. hxg5 Bg7
39. f5 gxf5+ 40. Kxf5 Kb4 41. Kg6 Be5 42. Kf7 Kc3 43. g6 d3 44. Ke6 Bd4
{White forfeits on time}
0-1

[Event "ICCopen2017"]
[Site "Internet Chess Club"]
[Date "2017.03.26"]
[Round "6"]
[White "Fighterman"]
[Black "JohannesHaugish"]
[Result "1-0"]
[ICCResult "Black resigns"]
[WhiteElo "2444"]
[BlackElo "1904"]
[Opening "Caro-Kann: exchange variation"]
[ECO "B13"]
[NIC "CK.02"]
[Time "20:07:45"]
[TimeControl "180+0"]

1. e4 c6 2. d4 d5 3. exd5 cxd5 4. c3 Nf6 5. Bf4 Nc6 6. Nd2 g6 7. Bd3 Bg7 8.
Ngf3 O-O 9. h3 Nd7 10. O-O e5 11. dxe5 Ndxe5 12. Nxe5 Nxe5 13. Bxe5 Bxe5 14.
Nf3 Bg7 15. Bc2 Be6 16. Bb3 Qb6 17. Re1 Rfd8 18. Ng5 Rf8 19. Nxe6 fxe6 20.
Re2 Rf6 21. Qd3 Bf8 22. Rf1 Bc5 23. Kh1 Raf8 24. f3 Kg7 25. Rfe1 Bf2 26. Rf1
Bg3 27. Qe3 Qc7 28. Qxa7 Qc6 29. Qd4 Bb8 30. f4 e5 31. Qxd5 Qxd5 32. Bxd5
Rxf4 33. Rxf4 Rxf4 34. g3 Rf1+ 35. Kg2 Rd1 36. Bxb7 Kf6 37. Be4 Ba7 38. a4
h5 39. a5 Ra1 40. b4 g5 41. Rd2 g4 42. hxg4 hxg4 43. Re2 Rg1+ 44. Kh2 Rc1
45. b5 Bc5 46. b6 Rxc3 47. b7 Rb3 48. Rc2 Bd6 49. a6 Ra3 50. Rc6 Ra2+ 51.
Bg2 e4 52. Rxd6+ Ke5 53. b8=Q e3 54. Rd2+ {Black resigns} 1-0

[Event "ICCopen2017"]
[Site "Internet Chess Club"]
[Date "2017.03.26"]
[Round "6"]
[White "DementedMonkey"]
[Black "SeventhWill"]
[Result "1-0"]
[ICCResult "Black resigns"]
[WhiteElo "2260"]
[BlackElo "2539"]
[Opening "Queen's pawn: Torre attack"]
[ECO "A46"]
[NIC "QP.04"]
[Time "20:07:45"]
[TimeControl "180+0"]

1. d4 Nf6 2. Nf3 e6 3. Bg5 h6 4. Bh4 c5 5. c3 b6 6. e3 Be7 7. Nbd2 Bb7 8.
Bd3 Nc6 9. Qe2 cxd4 10. exd4 Nh5 11. Bg3 O-O 12. Ne5 Nxg3 13. hxg3 Nxe5 14.
Qxe5 Bf6 15. Qf4 Qb8 16. Qg4 Bg5 17. f4 f5 18. Qe2 Bf6 19. Nf3 Bxf3 20. gxf3
Qd6 21. O-O-O Rfc8 22. Kb1 Rc7 23. Bc2 b5 24. d5 e5 25. Bxf5 exf4 26. Bc2
fxg3 27. Qe4 Rac8 28. Qh7+ Kf8 29. Rde1 Rxc3 30. Bg6 {Black resigns} 1-0